AoeStats
← VENÓN | Voy La Darkstorm

Arena

504155834Analyzed
4v4 RM · 28d ago on Sep 4, 2026· 99m 23s· 8 players
Game mode
Random Map
Map size
Large (8 player)
Population
200
Speed
Normal
Resources
Standard
Victory
Conquest
Starting age
Dark Age
Ending age
Imperial Age
RankedLock teamsTeams togetherTeam positionsShared explorationLock speedFull tech treeHidden civsTurbo modeCheats
Victory
Defeat
🇲🇽 Tatars · Mexico
2028
+10
🇺🇸 Koreans · United States
1927
+14
🇨🇦 Bengalis · Canada
1863
+17
🇲🇽 Vikings · Mexico
1784
+22
🇲🇽 Slavs · Mexico
1992
-20
🇲🇽 Britons · Mexico
1939
-18
1869
-15
1755
-10
develement
10:17 Feudal Age
14:02 Castle Age
11:59 Double-Bit Axe
13:21 Horse Collar
14:58 Bow Saw
17:25 Heavy Plow
25:28 Wheelbarrow
25:11 Gold Mining
26:53 Squires
26:53 Scale Mail Armor
27:33 Forging
28:20 Hand Cart
28:49 Chain Mail Armor
33:02 Imperial Age
30:42 Loom
30:42 Town Watch
32:11 Iron Casting
32:56 Fletching
33:34 Fortified Wall
34:48 Chemistry
34:09 Conscription
34:00 Eupseong
34:21 Bodkin Arrow
34:27 Arrowslits
35:23 Plate Mail Armor
34:18 Elite Fire Lancer
35:13 Bracer
35:49 Masonry
35:46 Pikeman
36:57 Plate Mail Armor
37:45 Gold Shaft Mining
37:00 Stone Mining
38:55 Two-Man Saw
38:30 Architecture
37:42 Elite Skirmisher
39:23 Treadmill Crane
39:48 Siege Engineers
40:32 Ballistics
48:53 Caravan
53:26 Stone Shaft Mining
57:02 Thumb Ring
62:10 Murder Holes
61:56 Halberdier
63:08 Gambesons
64:55 Heavy Rocket Cart
66:52 Coinage
72:00 Heavy Rocket Cart
76:31 Shinkichon
81:38 Banking
87:49 Man-at-Arms
88:50 Long Swordsman
89:54 Two-Handed Swordsman
92:22 Champion
Arcy
10:14 Feudal Age
14:07 Castle Age
12:55 Double-Bit Axe
12:53 Horse Collar
15:10 Bow Saw
15:17 Loom
15:54 Heavy Plow
22:39 Gold Mining
26:46 Imperial Age
24:38 Treadmill Crane
25:20 Scale Mail Armor
25:30 Forging
25:12 Fletching
25:23 Gambesons
26:20 Chain Mail Armor
26:18 Masonry
26:22 Squires
26:52 Chieftains
27:26 Pikeman
28:56 Plate Mail Armor
29:12 Iron Casting
29:16 Elite Berserk
34:09 Blast Furnace
34:47 Arson
37:14 Conscription
39:04 Two-Man Saw
40:35 Caravan
43:30 Capped Ram
47:42 Elite Skirmisher
51:42 Chemistry
51:03 Ballistics
52:41 Padded Archer Armor
56:00 Crop Rotation
55:27 Bodkin Arrow
60:56 Bogsveigar
62:35 Siege Engineers
63:02 Architecture
62:05 Onager
64:20 Fortified Wall
67:21 Crossbowman
68:24 Man-at-Arms
71:38 Gambesons
72:48 Long Swordsman
74:45 Two-Handed Swordsman
76:03 Champion
78:50 Town Watch
81:37 Siege Ram
94:07 Guard Tower
95:45 Coinage
97:08 Banking
mentalist_
10:19 Feudal Age
14:15 Castle Age
12:44 Double-Bit Axe
13:22 Horse Collar
21:48 Wheelbarrow
22:34 Bow Saw
22:41 Loom
23:19 Hand Cart
22:50 Town Watch
25:27 Heavy Plow
28:38 Imperial Age
27:06 Fletching
27:17 Padded Archer Armor
27:45 Bodkin Arrow
28:13 Heavy Plow
28:46 Leather Archer Armor
29:39 Conscription
30:03 Bracer
30:37 Ballistics
30:05 Elite Elephant Archer
30:13 Crossbowman
31:07 Paiks
32:20 Ring Archer Armor
33:00 Chemistry
32:23 Bloodlines
34:59 Coinage
36:07 Two-Man Saw
35:37 Crop Rotation
36:13 Siege Engineers
36:24 Husbandry
36:07 Treadmill Crane
37:09 Banking
39:47 Masonry
41:37 Gold Mining
41:38 Stone Mining
42:47 Elite Skirmisher
44:06 Caravan
44:10 Siege Elephant
45:30 Guilds
46:51 Scale Barding Armor
46:56 Forging
47:38 Sanctity
47:28 Redemption
47:34 Block Printing
51:30 Illumination
51:16 Fervor
52:45 Architecture
60:15 Onager
72:01 Chain Barding Armor
74:20 Elite Battle Elephant
76:43 Plate Barding Armor
76:45 Iron Casting
83:58 Blast Furnace
91:54 Mahayana
EnvyZ
10:48 Feudal Age
14:56 Castle Age
13:03 Double-Bit Axe
13:12 Horse Collar
15:51 Bow Saw
21:38 Wheelbarrow
22:19 Heavy Plow
22:10 Gold Mining
22:11 Stone Mining
24:16 Hand Cart
24:17 Light Cavalry
25:27 Bloodlines
25:16 Loom
25:46 Scale Barding Armor
27:11 Chain Barding Armor
28:35 Husbandry
31:15 Imperial Age
29:00 Forging
30:30 Gold Shaft Mining
30:40 Silk Armor
31:23 Ballistics
31:40 Fletching
31:19 Hussar
32:37 Plate Barding Armor
33:04 Chemistry
32:41 Conscription
32:53 Fletching
33:06 Padded Archer Armor
33:48 Bodkin Arrow
34:09 Leather Archer Armor
33:48 Heavy Cavalry Archer
36:00 Timurid Siegecraft
36:31 Iron Casting
35:57 Bracer
36:29 Ring Archer Armor
36:55 Caravan
38:16 Blast Furnace
40:17 Siege Engineers
41:32 Masonry
42:55 Coinage
45:51 Banking
47:04 Treadmill Crane
47:27 Scale Mail Armor
57:56 Murder Holes
66:01 Elite Keshik
67:03 Bombard Tower
71:46 Elite Steppe Lancer
88:44 Cavalier
91:51 Capped Ram
92:57 Siege Ram
VENÓN | Mauricio
10:56 Feudal Age
14:49 Castle Age
13:30 Double-Bit Axe
13:26 Horse Collar
15:46 Bow Saw
15:47 Heavy Plow
21:56 Wheelbarrow
23:00 Hand Cart
27:25 Imperial Age
25:03 Gold Mining
25:04 Stone Mining
25:31 Scale Mail Armor
25:41 Forging
27:04 Chain Mail Armor
28:20 Iron Casting
27:59 Squires
27:20 Pikeman
28:02 Loom
28:02 Town Watch
27:52 Onager
28:56 Conscription
28:01 Capped Ram
28:46 Druzhina
28:12 Capped Ram
30:23 Gold Shaft Mining
29:51 Halberdier
32:45 Chemistry
31:57 Siege Onager
34:12 Two-Man Saw
34:03 Plate Mail Armor
34:34 Blast Furnace
35:28 Fletching
36:56 Siege Engineers
37:13 Bodkin Arrow
37:40 Man-at-Arms
39:38 Ballistics
39:00 Long Swordsman
41:36 Crop Rotation
43:50 Caravan
44:59 Sappers
45:47 Padded Archer Armor
46:45 Siege Ram
47:25 Two-Handed Swordsman
48:28 Champion
49:51 Heavy Scorpion
57:49 Coinage
58:32 Banking
64:34 Masonry
74:54 Devotion
80:37 Detinets
85:33 Leather Archer Armor
86:10 Elite Boyar
86:56 Scale Barding Armor
88:06 Chain Barding Armor
87:58 Bloodlines
87:48 Husbandry
90:07 Plate Barding Armor
VENÓN | TIC TAC
10:19 Feudal Age
12:16 Loom
14:49 Castle Age
12:57 Horse Collar
13:41 Double-Bit Axe
15:06 Fletching
16:04 Bow Saw
17:51 Gold Mining
24:06 Wheelbarrow
28:41 Imperial Age
26:46 Bodkin Arrow
27:21 Stone Mining
28:07 Gold Shaft Mining
28:26 Hand Cart
29:05 Padded Archer Armor
29:02 Town Watch
29:39 Bracer
30:53 Chemistry
30:31 Conscription
30:54 Ballistics
31:12 Elite Longbowman
32:33 Leather Archer Armor
33:20 Two-Man Saw
34:22 Yeomen
34:38 Ring Archer Armor
34:20 Masonry
35:15 Coinage
37:14 Banking
37:35 Architecture
38:38 Hoardings
38:11 Heavy Plow
40:14 Siege Engineers
43:47 Caravan
43:42 Treadmill Crane
44:45 Sappers
48:14 Warwolf
48:53 Fortified Wall
52:50 Scale Barding Armor
52:56 Forging
52:07 Light Cavalry
52:48 Husbandry
56:39 Chain Barding Armor
57:23 Iron Casting
58:08 Plate Barding Armor
58:32 Town Patrol
58:31 Murder Holes
61:34 Pikeman
62:15 Squires
63:03 Halberdier
64:51 Scale Mail Armor
65:51 Blast Furnace
67:56 Chain Mail Armor
72:29 Plate Mail Armor
VENÓN | El Claut_One
11:03 Feudal Age
15:18 Castle Age
13:13 Double-Bit Axe
14:24 Horse Collar
16:18 Bow Saw
16:22 Heavy Plow
21:05 Fletching
21:08 Loom
22:10 Wheelbarrow
27:44 Imperial Age
25:17 Gold Mining
26:29 Hand Cart
26:07 Stone Mining
27:10 Stone Shaft Mining
27:53 Ballistics
27:58 Bodkin Arrow
29:36 Chemistry
28:54 Bracer
28:57 Padded Archer Armor
30:30 Thumb Ring
31:57 Crop Rotation
32:39 Leather Archer Armor
34:11 Elite Rattan Archer
35:44 Ring Archer Armor
38:53 Two-Man Saw
37:40 Town Watch
39:12 Paper Money
39:59 Scale Mail Armor
40:09 Forging
42:28 Caravan
42:58 Coinage
43:39 Chain Mail Armor
43:59 Iron Casting
44:07 Siege Engineers
45:48 Hoardings
48:54 Scale Barding Armor
49:31 Bloodlines
49:21 Husbandry
48:42 Light Cavalry
50:54 Chain Barding Armor
52:22 Plate Barding Armor
56:58 Fortified Wall
56:32 Elite Fire Lancer
57:12 Squires
57:01 Elite Skirmisher
57:50 Imperial Skirmisher
58:58 Guard Tower
59:04 Murder Holes
60:40 Keep
60:48 Plate Mail Armor
68:24 Pikeman
69:27 Halberdier
72:16 Banking
72:10 Arrowslits
73:45 Capped Ram
78:07 Onager
86:16 Crossbowman
87:12 Town Patrol
VENÓN | Voy La Darkstorm
10:49 Feudal Age
14:30 Castle Age
12:42 Double-Bit Axe
15:36 Bow Saw
16:21 Fervor
19:37 Loom
24:38 Wheelbarrow
25:14 Horse Collar
28:26 Imperial Age
27:28 Chemistry
27:35 Hand Cart
27:17 Pikeman
27:58 Squires
27:59 Scale Mail Armor
28:10 Forging
28:03 Heavy Plow
29:00 Chain Mail Armor
28:31 Arson
29:32 Conscription
29:07 Halberdier
30:24 Iron Casting
31:21 Plate Mail Armor
31:40 Houfnice
33:48 Wagenburg Tactics
34:34 Town Watch
35:49 Two-Man Saw
35:03 Siege Engineers
39:10 Blast Furnace
39:02 Fortified Wall
50:34 Town Patrol
51:57 Masonry
55:43 Coinage
60:34 Banking
61:13 Guilds
75:38 Caravan
Connection lost

Rejoining the realm…

Still unreachable

The connection could not be restored.

Session expired

The server has moved on; the page needs a fresh start.